 Dungeon Crawl Stone Soup version 0.30-a0-883-g5ad918d77d (webtiles) character file.

Game seed: 10532624893623079301

1316 hikkokomori the Slasher (level 8, -1/64 HPs)
             Began as a Merfolk Gladiator on Mar 18, 2023.
             Slain by an orc warrior
             ... wielding a +0 halberd
              (19 damage)
             ... on level 6 of the Dungeon.
             The game lasted 00:10:30 (5334 turns).

hikkokomori the Slasher (Merfolk Gladiator)         Turns: 5334, Time: 00:10:32

Health: -1/64      AC:  6    Str: 14    XL:     8   Next: 59%
Magic:  8/8        EV: 20    Int:  8    God:
Gold:   227        SH:  6    Dex: 23    Spells: 4/7 levels left

rFire   . . .      SeeInvis .    a - +0 long sword
rCold   . . .      Faith    .    i - +0 buckler
rNeg    . . .      Spirit   .    b - +0 leather armour
rPois   .          Reflect  .    c - +0 helmet
rElec   .          Rampage  .    s - +0 cloak {rCorr}
rCorr   +                        (no gloves)
Will    .....                    h - +0 pair of boots
Stlth   +++                      m - amulet of the acrobat
HPRegen 0.30/turn                v - +5 ring of evasion
MPRegen 0.11/turn                E - +6 ring of dexterity

@: no status effects
A: (nimble swimmer 2), mertail
a: no special abilities


You were on level 6 of the Dungeon.
You visited 1 branch of the dungeon, and saw 6 of its levels.

You collected 269 gold pieces.
You spent 42 gold pieces at shops.

Inventory:

Hand Weapons
 a - a +0 long sword (weapon)
Missiles
 d - a throwing net (quivered)
 e - 2 javelins
Armour
 b - a +0 leather armour (worn)
 c - a +0 helmet (worn)
 h - a +0 pair of boots (worn)
 i - a +0 buckler (worn)
 k - a +0 chain mail
 s - a +0 cloak of preservation (worn)
Jewellery
 m - an amulet of the acrobat (around neck)
 v - a +5 ring of evasion (left hand)
 w - a ring of positive energy
 E - a +6 ring of dexterity (right hand)
 I - a ring of resist corrosion
Wands
 B - a wand of paralysis (1)
Scrolls
 f - a scroll of noise {unknown}
 j - 6 scrolls of teleportation
 l - 2 scrolls of enchant armour {unknown}
 n - 2 scrolls of vulnerability
 r - a scroll of blinking {unknown}
 x - 2 scrolls of fog {unknown}
 y - a scroll of magic mapping
 A - a scroll of immolation {unknown}
 D - 3 scrolls of fear {unknown}
 F - a scroll of enchant weapon {unknown}
 G - a scroll of identify
 H - a scroll of amnesia {unknown}
 J - a scroll of torment {unknown}
Potions
 g - 2 potions of haste
 o - 2 potions of might
 p - 2 potions of attraction
 q - a potion of lignification {unknown}
 t - a potion of experience {unknown}
 u - 2 potions of curing
 z - 2 potions of mutation
 C - a potion of degeneration {unknown}
 K - a potion of ambrosia {unknown}


   Skills:
 + Level 5.7 Fighting
 + Level 6.9 Long Blades
 - Level 2.2 Throwing
 - Level 5.9 Dodging
 + Level 5.5 Stealth
 + Level 3.4 Shields
 + Level 2.2 Ice Magic


You had 4 spell levels left.
You knew the following spells:

 Your Spells              Type           Power      Damage    Failure   Level
a - Ozocubu's Armour      Ice            3%         N/A       65%         3

Your spell library contained the following spells:

 Spells                   Type           Power      Damage    Failure   Level
 Metabolic Englaciation   Hex/Ice        0%         N/A       100%        5
 Simulacrum               Ice/Necr       0%         N/A       100%        6


Dungeon Overview and Level Annotations

Branches:
Dungeon (6/15)             Temple (0/1) D:5

Altars:
Xom
The Shining One

Shops:
D:5 ?   D:6 =


Innate Abilities, Weirdness & Mutations

((You are very nimble when in or above water. (Stealth+, EV+, Speed+++)))
Your lower body shifts to a powerful aquatic tail in water.


Message History

The hound misses you. The orc warrior barely misses you.
The hound completely misses you.
Throw: 5 javelins
Press: ? - help, Shift-Dir - straight line, f/p - hound
Aim: a hound (almost dead, 57% to hit)
You throw a javelin.
The javelin pierces through the hound but does no damage.
The hound is almost dead.
The javelin pierces through the orc warrior but does no damage.
The orc warrior is moderately wounded.
The javelin pierces through the gnoll.
The gnoll is moderately wounded.
The javelin closely misses the hound.
The hound completely misses you.
The orc warrior hits you from afar with a +0 halberd!
* * * LOW HITPOINT WARNING * * *
The hound misses you.
Unknown command.
Throw: 4 javelins
Press: ? - help, Shift-Dir - straight line, f/p - hound
Aim: a hound (almost dead, 57% to hit)
You throw a javelin. The javelin closely misses the hound.
The javelin hits the orc warrior and shatters for extra damage.
The orc warrior is heavily wounded.
The hound barely misses you. The orc warrior barely misses you.
You block the hound's attack. The orc warrior completely misses you.
Unknown command.
Throw: 3 javelins
Press: ? - help, Shift-Dir - straight line, f/p - hound
Aim: a hound (almost dead, 57% to hit)
You throw a javelin. The javelin barely misses the hound.
The javelin pierces through the orc warrior but does no damage.
The orc warrior is heavily wounded.
The javelin closely misses the gnoll.
The javelin pierces through the hound but does no damage.
The hound is lightly wounded.
The hound bites you.
* * * LOW HITPOINT WARNING * * *
The orc warrior hits you from afar with a +0 halberd!!
You die...

..'.........').....|......)......
.##.........####(....###..##.#>..
####.......## #.....###..##.##.#
##.....## #.##.......##.##.#
##...## #h########.##.##.# ##)##
#g# #.......# #†# #o# ####.####
#.# #h# #.# #### ##.########@#
#.#### ...###...........# #.##..
##.##.....#......# #.##..
##.###...##.###.## #.##..
.............##.# #.....
##.####..##.###.# ####.. ##.#
#.........# #.. ...# #.#########
#.. #######.### #..


You could see an orc warrior, 2 hounds and a gnoll.

Vanquished Creatures
  A water moccasin (D:6)
  2 ice beasts (D:6)
  An ogre (D:5)
  2 centaurs
  2 gnoll sergeants
  6 hounds
  Crazy Yiuf (D:2)
  An orc priest (D:6)
  A jelly (D:5)
  An iguana (D:4)
  Natasha (thrice) (D:2)
  4 orc wizards
  7 gnolls
  2 adders
  2 shadow imps
  2 white imps (D:6)
  An ufetubus (D:5)
  2 dart slugs
  2 worms
  10 orcs
  2 endoplasms
  3 giant cockroaches (D:1)
  8 goblins
  9 hobgoblins
  7 jackals
  A quokka (D:3)
  8 ball pythons
  6 bats
  3 frilled lizards
  5 kobolds
  8 rats
113 creatures vanquished.

Vanquished Creatures (others)
  44 plants (D:6)
44 creatures vanquished.

Grand Total: 157 creatures vanquished

Notes
Turn   | Place    | Note
-------+----------+-------------------------------------------
     0 | D:1      | hikkokomori the Merfolk Gladiator began the quest for the
                  | Orb.
     0 | D:1      | Reached XP level 1. HP: 16/16 MP: 1/1
   230 | D:1      | Reached XP level 2. HP: 23/23 MP: 2/2
   663 | D:1      | Reached skill level 4 in Long Blades
   765 | D:1      | Reached XP level 3. HP: 28/28 MP: 3/3
   939 | D:2      | Noticed Natasha
   943 | D:2      | Killed Natasha
   944 | D:2      | Reached skill level 1 in Stealth
   944 | D:2      | Reached XP level 4. HP: 35/35 MP: 4/4
  1028 | D:2      | Noticed Natasha
  1034 | D:2      | Killed Natasha
  1070 | D:2      | Found a runed translucent door.
  1071 | D:2      | Noticed Crazy Yiuf
  1305 | D:2      | Noticed Natasha
  1318 | D:2      | Killed Natasha
  1319 | D:2      | Reached skill level 5 in Dodging
  1319 | D:2      | Reached XP level 5. HP: 27/41 MP: 5/5
  1671 | D:2      | Killed Crazy Yiuf
  1832 | D:3      | Found a faded altar of an unknown god.
  2402 | D:4      | Noticed a centaur
  2411 | D:4      | Killed a centaur
  2412 | D:4      | Reached skill level 5 in Long Blades
  2412 | D:4      | Reached XP level 6. HP: 41/48 MP: 6/6
  2747 | D:5      | Entered Level 5 of the Dungeon
  2954 | D:5      | Reached skill level 1 in Shields
  2954 | D:5      | Reached XP level 7. HP: 55/55 MP: 7/7
  3036 | D:5      | Found a staircase to the Ecumenical Temple.
  3634 | D:5      | Found Zyczoebb's Magic Scroll Boutique.
  3641 | D:5      | Bought a scroll of teleportation for 42 gold pieces
  3805 | D:6      | Reached skill level 6 in Long Blades
  3909 | D:6      | Found Furgholl's Jewellery Boutique.
  4020 | D:6      | Reached skill level 5 in Fighting
  4232 | D:6      | Found a shimmering altar of Xom.
  4441 | D:6      | Learned a level 3 spell: Ozocubu's Armour
  4500 | D:6      | Reached XP level 8. HP: 46/62 MP: 8/8
  4663 | D:6      | Reached skill level 5 in Stealth
  4663 | D:6      | Reached skill level 1 in Ice Magic
  4995 | D:6      | Found a glowing golden altar of the Shining One.
  5334 | D:6      | Slain by an orc warrior

Illustrated notes

Levels and vault maps discovered:
D:1:      psy_arrival_basics, layout_basic
D:2:      layout_basic, uniq_natasha, uniq_crazy_yiuf_cottage
D:3:      layout_rooms, ebering_ecumenical_altar_hall
D:4:      layout_cave_pools, nicolae_underground_beach
D:5:      layout_cave_pools, minmay_temple_entry_crystal_x, serial_shops,
          nicolae_shop_waterfront
D:6:      kennysheep_housing_project, layout_loops_corners,
          lemuel_crystal_altar, xom_butterflies, serial_shops,
          nicolae_diamond_shop, feat_on_display

Skill      XL: |  1  2  3  4  5  6  7  8 |
---------------+-------------------------+-----
Long Blades    | 4 5 6 |  6.9
Fighting       | 3 4 5 |  5.7
Stealth        | 1 2 3 4 5 |  5.5
Dodging        | 5 |  5.9
Shields        | 1 2 3 |  3.4
Ice Magic      | 2 |  2.2
Throwing       | |  2.2

Action                     |  1- 3 |  4- 6 |  7- 9 || total
---------------------------+-------+-------+-------++-------
  Melee: Long sword        |    70 |   171 |   172 ||   413
         Punch             |       |     2 |       ||     2
  Throw: Throwing net      |       |     2 |     1 ||     3
         Javelin           |       |       |     7 ||     7
  Evoke: Wand              |       |       |     3 ||     3
    Use: Scroll            |       |       |     6 ||     6
         Potion            |       |       |     1 ||     1
   Stab: Sleeping          |       |     3 |     3 ||     6
         Paralysed         |       |       |     7 ||     7
 Armour: Leather armour    |    38 |    23 |    31 ||    92
  Dodge: Dodged            |    56 |   158 |   242 ||   456
  Block: Buckler           |       |       |    28 ||    28

Table legend: (Time is in decaauts)
 A = Elapsed time spent in this place.
 B = Non-inter-level travel time spent in this place.
 C = Inter-level travel time spent in this place.
 D = Time resting spent in this place.
 E = Time spent auto-exploring this place.
 F = Levels seen in this place.
 G = Mean time per level.
                   A        B        C        D        E       F      G
               +--------+--------+--------+--------+--------+-----+--------+
         Total |   5393 |   5294 |     99 |    505 |   3525 |   6 |  898.8 |
       Dungeon |   5393 |   5294 |     99 |    505 |   3525 |   6 |  898.8 |
               +--------+--------+--------+--------+--------+-----+--------+

Top non-repeatable levels by time:
     D:6: 1568 daAuts
     D:2: 951 daAuts
     D:1: 866 daAuts
     D:4: 857 daAuts
     D:5: 743 daAuts
     D:3: 405 daAuts
